 Dungeon Crawl Stone Soup version 0.28.0-45-g0d030f2227 (webtiles) character file.

Game seed: 2673546198900409994

118 NinjaNoafa the Skirmisher (level 4, 40/40 HPs)
             Began as a Draconian Monk on Apr 19, 2022.
             Quit the game on level 2 of the Dungeon.
             The game lasted 00:04:09 (4054 turns).

NinjaNoafa the Skirmisher (Draconian Monk)          Turns: 4054, Time: 00:04:10

Health: 40/40      AC:  5    Str: 13    XL:     4   Next: 72%
Magic:  4/4        EV: 13    Int: 10    God:
Gold:   85         SH:  0    Dex: 16    Spells: 3/3 levels left

rFire   . . .      SeeInvis +   j - staff of conjuration
rCold   . . .      Faith    .   (no shield)
rNeg    . . .      Spirit   .   (armour unavailable)
rPois   .          Reflect  .   (helmet restricted)
rElec   .          Harm     .   (no cloak)
rCorr   .          Rampage  .   (no gloves)
Will    .....                   (no boots)
Stlth   ++........              (no amulet)
HPRegen 0.13/turn               g - ring of see invisible
MPRegen 0.09/turn               (no ring)

@: flying
A: AC +5, unfitting armour, cold-blooded, big wings
a: no special abilities


You were on level 2 of the Dungeon.
You visited 1 branch of the dungeon, and saw 3 of its levels.

You collected 85 gold pieces.

Inventory:

Hand Weapons
 a - a +0 hand axe
Missiles
 e - 21 stones (quivered)
Magical Staves
 j - a staff of conjuration (weapon)
Jewellery
 g - a ring of see invisible (left hand)
Scrolls
 b - a scroll of amnesia
 d - a scroll of fear
 f - 3 scrolls of teleportation
 h - a scroll of noise
 i - 2 scrolls of immolation
 k - a scroll of identify
Potions
 c - a potion of curing


   Skills:
 + Level 4.0 Fighting
 - Level 3.3 Axes
 + Level 1.0 Staves
 - Level 3.0 Dodging
 + Level 2.6 Stealth
 + Level 1.1 Conjurations
 + Level 1.0 Ice Magic
 + Level 1.0 Evocations


You had 3 spell levels left.
You didn't know any spells.
Your spell library contained the following spells:

 Spells                   Type           Power      Damage    Failure   Level
 Hailstorm                Conj/Ice       3%         3d3       94%         4
 Ice Form                 Ice/Tmut       1%         N/A       97%         4
 Simulacrum               Ice/Necr       0%         N/A       100%        6


Dungeon Overview and Level Annotations

Branches:
Dungeon (3/15)

Altars:


Innate Abilities, Weirdness & Mutations

Your plain brown scales are hard. (AC +5)
You cannot fit into any form of body armour.
You are cold-blooded and may be slowed by cold attacks.
Your large and strong wings let you fly.


Message History

There is an open door here.
There is an open door here.
A rat comes into view.
A rat is nearby!
You throw a boomerang of dispersal.
The boomerang of dispersal hits the rat.
The rat blinks!
You kill the rat!
Found a stone staircase leading down.
You reach down and open the door.
An endoplasm and a rat come into view.
Found a scroll of identify and a fuming white potion.
There is an open door here.
You throw a boomerang of dispersal.
The boomerang of dispersal hits the rat.
The rat blinks!
You kill the rat!
A rat comes into view.
An endoplasm comes into view.
Found 22 gold pieces.
The endoplasm quivers.
You hit the rat.
You kill the rat!
The helpless endoplasm fails to defend itself.
You hit the endoplasm. You tail-slap the endoplasm.
You kill the endoplasm!
You hit the endoplasm. You tail-slap the endoplasm.
You kill the endoplasm!
No target in view!
No target in view!
No target in view!
No target in view!
No target in view!
No target in view!
k - a scroll of identify You see here a rat corpse.
Okay, then.
Welcome back, NinjaNoafa the Draconian Monk.
Press ? for a list of commands and other information.
Are you sure you want to abandon this character and quit the game? (Confirm with "yes".)

#######...###########.#
#.....................#
#.###..#..###########.#
#.#...###..#### #.#
#########....##$##....#######.#
#.......#.....#.#...........#.#
#.......#..#.##.##.#..#####.#.#
#.........##'#...####..# #.#.#
##...#....##$...@...!##.# #.#.#
...........####...####..# #.#.#
...#####.#..#.##.##.#..## #.#.#
.#.# #.#.....#†#....## #.#.#
.#.# #.#.#..##$##.### #.#.# <#.#
#.#.#...###..# #.#.# .#.#
#.#.#.#..#..## #.#.#
.#.#####.#.#......##########.#.#
..........................>#.#.#


There were no monsters in sight!

Vanquished Creatures
  An iguana (D:3)
  4 adders
  An adder skeleton (D:3)
  2 worms
  2 dart slugs (D:3)
  A ball python (D:3)
  3 endoplasms
  3 giant cockroaches
  4 hobgoblins
  6 jackals
  2 quokkas
  A bat (D:3)
  2 frilled lizards
  A goblin (D:3)
  3 kobolds
  9 rats
45 creatures vanquished.

Vanquished Creatures (others)
  A demonic plant (D:3)
1 creature vanquished.

Grand Total: 46 creatures vanquished

Notes
Turn   | Place    | Note
-------+----------+-------------------------------------------
     0 | D:1      | NinjaNoafa the Draconian Monk began the quest for the Orb.
     0 | D:1      | Reached XP level 1. HP: 19/19 MP: 1/1
   743 | D:1      | Reached XP level 2. HP: 14/26 MP: 2/2
  1234 | D:2      | Gained mutation: Your large and strong wings let you fly.
                  | [potion of mutation]
  1429 | D:2      | Reached XP level 3. HP: 26/33 MP: 3/3
  2377 | D:2      | You are sucked into a shaft and drop 1 floor!
  2914 | D:3      | Reached skill level 4 in Fighting
  2914 | D:3      | Reached XP level 4. HP: 16/40 MP: 4/4
  3213 | D:3      | Found a faded altar of an unknown god.
  3213 | D:3      | Noticed a tormentor
  3572 | D:3      | Reached skill level 1 in Conjurations
  3884 | D:2      | Reached skill level 1 in Staves
  3884 | D:2      | Reached skill level 1 in Ice Magic
  3884 | D:2      | Reached skill level 1 in Evocations
  4054 | D:2      | Quit the game

Illustrated notes

Levels and vault maps discovered:
D:1:      mrwooster_arrival_statue_3, layout_loops_ring
D:2:      layout_basic, corexii_corridor_pit, minmay_fractal_squares_gapless_5
D:3:      layout_basic, dreamdust_ecumenical_altar_sealed_demon,
          kennysheep_generic_room_14

Skill      XL: |  1  2  3  4 |
---------------+-------------+-----
Stealth        | 2 |  2.6
Dodging        | 3 |  3.0
Fighting       | 4 |  4.0
Conjurations   | 1 |  1.1
Staves         | 1 |  1.0
Ice Magic      | 1 |  1.0
Evocations     | 1 |  1.0
Axes           | |  3.3

Action                   |  1- 3 |  4- 6 || total
-------------------------+-------+-------++-------
Melee: Hand axe          |    63 |       ||    63
       Tailslap          |    19 |     8 ||    27
       Staff             |    70 |    37 ||   107
       Punch             |     1 |       ||     1
Throw: Boomerang         |       |     4 ||     4
  Use: Scroll            |     7 |       ||     7
       Potion            |     3 |       ||     3
 Stab: Sleeping          |     4 |     4 ||     8
Armor: Skin              |    39 |     5 ||    44
Dodge: Dodged            |    78 |    18 ||    96
